 Dungeon Crawl Stone Soup version 0.31.0-11-ge490571c62 (webtiles) character file.

Game seed: 8286474072705547283

168 Nevereven the Covered (level 5, -6/43 (45) HPs)
             Began as an Armataur Fighter on Jan 29, 2024.
             Splashed by a jelly's acid (10 damage)
             ... on level 4 of the Dungeon.
             The game lasted 00:11:02 (2699 turns).

Nevereven the Covered (Armataur Fighter)            Turns: 2699, Time: 00:11:03

HP:   -6/43 (45)    AC: -1    Str: 21    XL:     5   Next: 23%
MP:   5/5           EV:  8    Int: 18    God:
Gold: 123           SH:  5    Dex: 12    Spells: 4/4 levels left

rFire   . . .        j - +2 dagger (venom)
rCold   . . .        c - +0 buckler
rNeg    + . .        l - +4 ring mail "Yckuqum" {Harm rPois Int+4}
rPois   +            (no helmet)
rElec   .            (no cloak)
rCorr   .            (no gloves)
SInv    .            (no barding)
Will    .....        (no amulet)
Stlth   +            e - ring of positive energy
HPRegen 0.27/turn    v - +6 ring of intelligence
MPRegen 0.09/turn

%: harm (+30% outgoing, +20% incoming), roll
@: mighty, corroded, lightly drained
A: large, deformed body, tough skin 3, armoured tail, roll 1
a: no special abilities


You were on level 4 of the Dungeon.
You visited 1 branch of the dungeon, and saw 4 of its levels.

You collected 123 gold pieces.

Inventory:

Hand Weapons
 a - a +0 flail
 j - a +2 dagger of venom (weapon)
 t - a +2 hand axe of draining
Missiles
 p - 4 darts of dispersal (quivered)
Armour
 b - a +0 scale mail
 c - a +0 buckler (worn)
 l - the +4 ring mail "Yckuqum" (worn) {Harm rPois Int+4}
   (You found it on level 2 of the Dungeon)

   Int+4:     It affects your intelligence (+4).
   rPois:     It protects you from poison Harm: It increases damage dealt and
   taken.
 u - a +2 leather armour of cold resistance
Magical Staves
 h - a staff of earth
Jewellery
 e - a ring of positive energy (left hand)
 v - a +6 ring of intelligence (right hand)
Scrolls
 f - a scroll of teleportation {unknown}
 k - a scroll of enchant armour {unknown}
 m - 4 scrolls of blinking
 n - 2 scrolls of fear
 q - a scroll of torment {unknown}
 r - 2 scrolls of identify {unknown}
 w - a scroll of silence {unknown}
 x - a scroll of enchant weapon {unknown}
Potions
 g - a potion of attraction {unknown}
 i - a potion of cancellation {unknown}
 o - a potion of degeneration {unknown}
 s - a potion of heal wounds {unknown}
 z - 2 potions of curing {unknown}
 A - a potion of haste {unknown}


   Skills:
 * Level 3.3 Fighting
 - Level 2.0 Short Blades
 - Level 2.1 Maces & Flails
 + Level 4.3 Armour
 + Level 2.1 Stealth
 + Level 4.1 Shields


You had 4 spell levels left.
You didn't know any spells.
Your spell library was empty.

Dungeon Overview and Level Annotations

Branches:
Dungeon (4/15)
 Temple: D:4-7

Altars:
Vehumet


Innate Abilities, Weirdness & Mutations

Armour fits poorly on your strangely shaped body.
You have extremely tough skin. (AC +3)
You have a long armoured tail.
You regenerate magic when rolling toward enemies. (Rampage MPRegen)


Message History

Okay, then.
Blink to where?
Press: ? - help, Dir - move target
As you read the scroll labelled TIWNOU IXUBI, it crumbles to dust.
It was a scroll of blinking.
Done exploring.
As you read the scroll labelled IMPOB BENODEJE, it crumbles to dust.
You assume a fearsome visage.
Nothing appears to happen.
It was a scroll of fear.
Okay, then.
Things that are here:
a +0 dagger; a +0 flail
There is a stone staircase leading down here.
Things that are here:
a +0 dagger; a +0 robe You climb downwards.
There is a stone staircase leading up here.
A jelly comes into view.
You roll towards the jelly!
You hit the jelly. The acid corrodes you!
Your hands burn!
The jelly is moderately wounded.
You hit the jelly but do no damage.
Your hands burn!
You tail-slap the jelly.
The jelly is heavily wounded.
The jelly barely misses you.
You hit the jelly.
Your hands burn!
The jelly is heavily wounded.
You block the jelly's attack.
You hit the jelly. The acid corrodes you!
Your hands burn!
You tail-slap the jelly, but do no damage.
The jelly is severely wounded.
The jelly hits you. The acid corrodes you!
You are splashed with acid!
You hit the jelly but do no damage.
The jelly is poisoned.
Your hands burn!
The jelly is severely wounded.
The jelly hits you.
You are splashed with acid!
* * * LOW HITPOINT WARNING * * *
You feel very mighty all of a sudden. The jelly hits you.
* * * LOW HITPOINT WARNING * * *
You are splashed with acid!
You die...

# ##########.#
........<..#
#######.####.#
.........@J..#
########.#####
.... #.#####
.. ##


You could see a jelly (very poisoned).

Vanquished Creatures
  An orc priest (D:3)
  An orc wizard (D:3)
  3 gnolls (D:2)
  2 adders (D:2)
  A dart slug (D:1)
  A ribbon worm (D:2)
  7 orcs (D:3)
  7 bats
  2 endoplasms (D:1)
  4 hobgoblins
  2 jackals (D:2)
  6 quokkas
  2 ball pythons
  3 frilled lizards
  5 goblins
  5 kobolds
  6 rats
58 creatures vanquished.

Notes
Turn   | Place    | Note
-------+----------+-------------------------------------------
     0 | D:1      | Nevereven the Armataur Fighter began the quest for the Orb.
     0 | D:1      | Reached XP level 1. HP: 18/18 MP: 1/1
   257 | D:1      | Reached XP level 2. HP: 25/25 MP: 2/2
   781 | D:2      | Identified the +4 ring mail "Yckuqum" {Harm rPois Int+4}
   912 | D:2      | Reached skill level 1 in Stealth
   912 | D:2      | Reached XP level 3. HP: 30/30 MP: 3/3
  1034 | D:2      | Found a radiant altar of Vehumet.
  1123 | D:2      | Reached skill level 1 in Short Blades
  1190 | D:2      | Reached XP level 4. HP: 29/38 MP: 4/4
  1874 | D:3      | Reached XP level 5. HP: 14/45 MP: 5/5
  2699 | D:4      | Splashed by a jelly's acid

Illustrated notes

Levels and vault maps discovered:
D:1:      reono_arrival_mine, layout_loops_ring
D:2:      layout_basic, basic_altar, minmay_misc_feat_more_columns
D:3:      layout_loops_ring
D:4:      layout_basic, ebering_ghost_reflecting_pool, uniq_sigmund

Skill      XL: |  1  2  3  4 |
---------------+-------------+-----
Maces & Flails | 2 |  2.1
Stealth        | 1 2 |  2.1
Short Blades   | 1 2 |  2.0
Armour         | 4 |  4.3
Fighting       | 3 |  3.3
Shields        | 4 |  4.1

Action                     |  1- 3 |  4- 6 || total
---------------------------+-------+-------++-------
  Melee: Flail             |    32 |       ||    32
         Tailslap          |     9 |     8 ||    17
         Dagger            |    48 |    93 ||   141
    Use: Scroll            |       |     2 ||     2
         Potion            |       |     1 ||     1
   Stab: Sleeping          |       |     1 ||     1
 Armour: Scale mail        |    63 |       ||    63
         Ring mail         |       |    51 ||    51
  Dodge: Dodged            |    15 |    16 ||    31
  Block: Buckler           |    15 |    13 ||    28
